 Dungeon Crawl Stone Soup version 0.27.1-2-g3b301248ec (webtiles) character file.

Game seed: 3676674264622490347

491 pkoi the Chopper (level 6, -2/53 HPs)
             Began as a Minotaur Gladiator on Sept 22, 2021.
             Slain by a gnoll (5 damage)
             ... on level 4 of the Dungeon.
             The game lasted 00:04:53 (3580 turns).

pkoi the Chopper (Minotaur Gladiator)               Turns: 3580, Time: 00:04:54

Health: -2/53      AC:  9    Str: 21    XL:     6   Next: 91%
Magic:  5/5        EV:  8    Int:  5    God:
Gold:   151        SH:  0    Dex: 11    Spells: 5/5 levels left

rFire    . . .     SeeInvis .   i - +2 whip (venom)
rCold    . . .     Faith    .   (no shield)
rNeg     . . .     Spirit   .   l - +0 chain mail
rPois    .         Reflect  .   c - +0 hat
rElec    .         Harm     .   (no cloak)
rCorr    .         Rampage  .   (no gloves)
Will     .....                  (no boots)
Stlth    ..........             (no amulet)
HPRegen  0.17/turn              (no ring)
MPRegen  0.09/turn              (no ring)

@: no status effects
A: horns 2, retaliatory headbutt
a: no special abilities


You were on level 4 of the Dungeon.
You visited 1 branch of the dungeon, and saw 5 of its levels.

You collected 151 gold pieces.

Inventory:

Hand Weapons
 a - a +0 war axe
 i - a +2 whip of venom (weapon)
Missiles
 d - 3 throwing nets (quivered)
 e - 3 atropa-tipped darts
 j - 8 boomerangs
Armour
 b - a +0 leather armour
 c - a +0 hat (worn)
 l - a +0 chain mail (worn)
Jewellery
 g - a ring of magical power
 o - a +6 ring of strength
Wands
 t - a wand of flame (8)
Scrolls
 h - 2 scrolls of identify {unknown}
 k - 2 scrolls of torment {unknown}
 n - 3 scrolls of vulnerability {unknown}
 p - a scroll of enchant weapon {unknown}
 s - a scroll of magic mapping {unknown}
Potions
 f - a potion of lignification {unknown}
 m - a potion of magic {unknown}
 q - a potion of curing {unknown}
 r - a potion of haste {unknown}
 u - a potion of brilliance {unknown}
 v - a potion of attraction {unknown}


   Skills:
 + Level 4.5 Fighting
 + Level 6.6 Axes
 + Level 3.7 Throwing
 + Level 3.5 Armour
 - Level 3.2 Dodging


You had 5 spell levels left.
You didn't know any spells.
Your spell library contained the following spells:

 Spells                   Type           Power      Damage    Failure   Level
 Static Discharge         Conj/Air       0%         N/A       100%        2
 Lightning Bolt           Conj/Air       0%         1d11      100%        5
 Maxwell's Capacitive Co  Air            0%         ∞         100%        8


Dungeon Overview and Level Annotations

Branches:
Dungeon (5/15)
 Temple: D:4-7

Altars:


Innate Abilities, Weirdness & Mutations

You have a pair of horns on your head.
You reflexively headbutt those who attack you in melee.


Message History

The gnoll sergeant is lightly wounded.
The gnoll sergeant hits you with a +2 spear of freezing.
The gnoll sergeant freezes you.
The gnoll sergeant hits you from afar with a +2 spear of freezing.
The gnoll sergeant freezes you.
The gnoll sergeant hits you with a +2 spear of freezing!
* * * LOW HITPOINT WARNING * * *
The gnoll sergeant freezes you.
* * * LOW HITPOINT WARNING * * *
You hit the gnoll sergeant. You headbutt the gnoll sergeant.
You kill the gnoll sergeant!
You hit the gnoll. Your headbutt misses the gnoll.
The gnoll is lightly wounded.
You barely miss the gnoll.
The gnoll is lightly wounded.
The gnoll closely misses you.
Items here: ) [[ †.
The gnoll hits you but does no damage.
You barely miss the gnoll.
The gnoll is lightly wounded.
The gnoll closely misses you. x2; You furiously retaliate!
You headbutt the gnoll. You barely miss the gnoll.
The gnoll is moderately wounded.
The gnoll barely misses you.
The gnoll hits you with a +0 spear of flaming.
* * * LOW HITPOINT WARNING * * *
The gnoll burns you.
* * * LOW HITPOINT WARNING * * *
The gnoll closely misses you. The gnoll barely misses you.
Your chain mail prevents you from hitting the gnoll.
The gnoll is moderately wounded.
The gnoll hits you with a +0 flail.
* * * LOW HITPOINT WARNING * * *
The gnoll hits you with a +0 spear of flaming.
* * * LOW HITPOINT WARNING * * *
The gnoll burns you.
* * * LOW HITPOINT WARNING * * *
The gnoll hits you with a +0 flail.
You die...

....# #....+ ###+#....
#......# ≈#
#......##≈######
#......##≈≈#.$.#
+......##≈≈#...#
###+###....g...≈≈#...#
.........g@gg..≈###g##
.......######..≈##≈g≈##≈#
....... #..≈≈≈≈g≈≈≈≈#
....... #....##.#####
....... #.......# #######
#########


You could see 4 gnolls.

Vanquished Creatures
  A gnoll sergeant (D:4)
  A scorpion (D:2)
  3 jellies
  An orc priest (D:3)
  An iguana (D:5)
  Natasha (thrice) (D:3)
  A hound zombie (D:5)
  5 adders
  An adder zombie (D:5)
  2 worms
  2 dart slugs (D:1)
  3 orcs (D:3)
  8 endoplasms
  2 giant cockroaches
  3 goblins
  6 hobgoblins
  3 jackals (D:1)
  6 kobolds
  7 quokkas
  8 ball pythons
  8 bats
  4 frilled lizards
  6 rats
85 creatures vanquished.

Vanquished Creatures (others)
  7 plants (D:2)
  4 toadstools (D:1)
11 creatures vanquished.

Grand Total: 96 creatures vanquished

Notes
Turn   | Place    | Note
-------+----------+-------------------------------------------
     0 | D:1      | pkoi the Minotaur Gladiator began the quest for the Orb.
     0 | D:1      | Reached XP level 1. HP: 18/18 MP: 0/0
   119 | D:1      | Reached skill level 4 in Axes
   210 | D:1      | Reached XP level 2. HP: 9/25 MP: 1/1
   684 | D:1      | Reached skill level 5 in Axes
   912 | D:1      | Reached XP level 3. HP: 18/30 MP: 2/2
  1656 | D:2      | Reached skill level 1 in Armour
  1656 | D:2      | Reached XP level 4. HP: 37/37 MP: 3/3
  2153 | D:2      | Noticed a scorpion
  2159 | D:2      | Killed a scorpion
  2160 | D:2      | Reached XP level 5. HP: 34/45 MP: 4/4
  2333 | D:3      | Reached skill level 6 in Axes
  2500 | D:3      | Noticed Natasha
  2513 | D:3      | Killed Natasha
  2521 | D:3      | Noticed Natasha
  2529 | D:3      | Killed Natasha
  2609 | D:3      | Reached XP level 6. HP: 43/52 MP: 5/5
  2827 | D:3      | Noticed Natasha
  2832 | D:3      | Killed Natasha
  2966 | D:3      | You fall into a shaft and drop 2 floors!
  2966 | D:5      | Entered Level 5 of the Dungeon
  3519 | D:5      | Noticed a yak
  3580 | D:4      | Slain by a gnoll

Illustrated notes

Levels and vault maps discovered:
D:1:      ldierk_water_garden, layout_basic
D:2:      wad_lake_hut, layout_basic
D:3:      layout_loops_ring, minmay_crystal_room, st_stairs_9,
          lexackson_kobold_supper, uniq_crazy_yiuf_cottage, uniq_natasha
D:4:      layout_gridville, minmay_temple_entry_butterflies,
          kennysheep_pointless_box, small_statue_intersection, abandoned_shop,
          lightli_minifort, uniq_ijyb
D:5:      layout_basic, minmay_misc_feat_hallway, roderic_roman_lattice,
          minmay_diced_spiral, uniq_edmund

Skill      XL: |  1  2  3  4  5  6 |
---------------+-------------------+-----
Axes           | 4 5 6 |  6.6
Armour         | 1 2 3 |  3.5
Fighting       | 3 4 |  4.5
Throwing       | 3 |  3.7
Dodging        | |  3.2

Action                   |  1- 3 |  4- 6 || total
-------------------------+-------+-------++-------
Melee: War axe           |    60 |     8 ||    68
       Headbutt          |    10 |    28 ||    38
       Whip              |    29 |   121 ||   150
 Stab: Sleeping          |     1 |       ||     1
Armor: Leather armour    |    20 |       ||    20
       Chain mail        |     2 |    57 ||    59
Dodge: Dodged            |    66 |    44 ||   110
